 Dungeon Crawl Stone Soup version 0.21.1-1-g345015fe64 (webtiles) character file.

2539 Nattfarinn the Covert (level 9, -8/57 HPs)
             Began as a Vampire Enchanter on May 2, 2018.
             Was an Initiate of Kikubaaqudgha.
             Mangled by an orc warrior
             ... wielding a +0 glaive
              (18 damage)
             ... on level 8 of the Dungeon.
             The game lasted 00:24:28 (8087 turns).

Nattfarinn the Covert (Vampire Enchanter)           Turns: 8087, Time: 00:24:28

Health: -8/57      AC:  2    Str:  7    XL:     9   Next: 30%
Magic:  15/29      EV: 13    Int: 17    God:    Kikubaaqudgha [......]
Gold:   425        SH:  0    Dex: 18    Spells: 10/23 levels left

rFire    + . .     SeeInvis +   l - +1 dagger (vamp)
rCold    + + .     Gourm    .   (no shield)
rNeg     + + +     Faith    .   p - +0 robe
rPois    ∞         Spirit   .   (no helmet)
rElec    .         Reflect  .   (no cloak)
rCorr    .         Harm     .   (no gloves)
MR       .....                  (no boots)
Stlth    +++++++...             (no amulet)
HPRegen  0.00/turn              t - ring of protection from fire
MPRegen  0.21/turn              m - ring of magical power

@: very slightly contaminated, bloodless, non-regenerating
A: fangs 3, see invisible, unbreathing
a: Bat Form, Renounce Religion


You were on level 8 of the Dungeon.
You worshipped Kikubaaqudgha.
Kikubaaqudgha was noncommittal.
You were bloodless.

You visited 2 branches of the dungeon, and saw 9 of its levels.

You collected 425 gold pieces.

Inventory:

Hand Weapons
 a - a +1 dagger
 l - a +1 vampiric dagger (weapon)
Armour
 b - a +0 robe
 p - a +0 robe (worn)
Jewellery
 m - a ring of magical power (right hand)
 t - a ring of protection from fire (left hand)
 C - an uncursed ring of magical power
 E - a +2 ring of strength {unknown}
Wands
 o - a wand of digging (5)
 s - a wand of iceblast (11)
 u - a wand of flame (38)
Scrolls
 d - a scroll of enchant weapon {unknown}
 e - 5 scrolls of identify {unknown}
 f - 5 scrolls of remove curse
 g - 2 scrolls of immolation {unknown}
 k - 3 scrolls of magic mapping {unknown}
 r - 8 scrolls of teleportation {unknown}
 x - 4 scrolls of random uselessness {unknown}
 y - a scroll of blinking {unknown}
 B - 2 scrolls of noise {unknown}
 D - a scroll of fog {unknown}
 H - a scroll of fear {unknown}
Potions
 h - 2 potions of brilliance {unknown}
 i - a potion of berserk rage {unknown}
 j - 2 potions of lignification {unknown}
 n - 4 potions of heal wounds {unknown}
 q - 9 potions of blood
 v - 3 potions of curing {unknown}
 w - a potion of might {unknown}
 z - 3 potions of degeneration {unknown}
 A - a potion of magic {unknown}
 F - 2 potions of flight {unknown}
Books
 c - a book of Maledictions

   Spells                             Type                      Level
   a - Corona                         Hexes                        1
   b - Ensorcelled Hibernation        Hexes/Ice                    2
   c - Confuse                        Hexes                        3
   d - Tukima's Dance                 Hexes                        3
   e - Dazzling Spray                 Conjuration/Hexes            3
 G - a book of Conjurations

   Spells                             Type                      Level
   a - Magic Dart                     Conjuration                  1
   b - Searing Ray                    Conjuration                  2
   c - Dazzling Spray                 Conjuration/Hexes            3
   d - Fulminant Prism                Conjuration/Hexes            4
   e - Force Lance                    Conjuration/Translocation    4
   f - Iskenderun's Mystic Blast      Conjuration                  4


   Skills:
 + Level 1.2 Short Blades
 + Level 2.3 Dodging
 * Level 12.7 Stealth
 - Level 7.6 Spellcasting
 - Level 9.1 Hexes


You had 10 spell levels left.
You knew the following spells:

 Your Spells              Type           Power        Failure   Level  Hunger
a - Corona                Hex            #####..      1%          1    None
b - Ensorcelled Hibernat  Hex/Ice        ###...       2%          2    None
c - Confuse               Hex            #####...     1%          3    ##.....
d - Tukima's Dance        Hex            #####...     1%          3    ##.....
e - Fulminant Prism       Conj/Hex       ###.......   17%         4    ####...


Dungeon Overview and Level Annotations

Branches:
Dungeon (8/15)             Temple (1/1) D:6
   Lair: D:8-11

Altars:
Ashenzari
Dithmenos
Elyvilon
Gozag
Kikubaaqudgha
Makhleb
Nemelex Xobeh
Qazlal
Trog
Vehumet
Xom
Yredelemnul
Zin

Shops:
D:4 [   D:6 (   D:7 =


Innate Abilities, Weirdness & Mutations

You do not heal naturally.
You are immune to poison.
You have razor-sharp teeth.
You have supernaturally acute eyesight. (SInv)
You can survive without breathing.


Message History

The orc moves out of view.
A two-headed ogre comes into view. It is wielding two giant clubs.
Your fulminant prism explodes!
The blast of energy engulfs the two-headed ogre.
The two-headed ogre is moderately wounded.
Kikubaaqudgha accepts your kill.
You feel a bit more experienced.
The blast of energy engulfs the orc.
You kill the orc!
Kikubaaqudgha accepts your kill.
The blast of energy engulfs the orc warrior.
The orc warrior is moderately wounded.
The hound bites you.
* * * LOW HITPOINT WARNING * * *
You hear a shout!
You hear an angry hiss.
The hound closely misses you. The hound bites you.
* * * LOW HITPOINT WARNING * * *
The orc warrior hits you from afar with a glaive!!
You die...
Kikubaaqudgha rasps: "You have failed me!
Welcome... oblivion!"

#.. #...........#.#
#...#...........#.# #
(..............<#.####..
.................[......
...###.###.#...#......)
#####.# #.#........... #
#.....# #.##..........
#. #.....#
#.##..#####.#. #.
#....@# .##..# .. ####.#
#..oh.# .##..# # ##....o
#.....### ...
.......##.......# ##.
#.....)ooO......#
#......###......#
#...... #..(...# #......
######## .....o.


You could see a two-headed ogre, an orc warrior, a hound and 2 orcs.

Vanquished Creatures
  Pikel (D:4)
  A hippogriff (D:7)
  Edmund (D:4)
  A water moccasin (D:5)
  A sky beast (D:5)
  4 slaves (D:3)
  An ice beast (D:7)
  2 phantoms
  An ogre (D:5)
  Blork the orc (D:5)
  2 bullfrogs
  2 scorpions
  A wight (D:7)
  2 howler monkeys
  3 hounds
  4 orc priests
  A jelly (D:6)
  Crazy Yiuf (D:7)
  Natasha (thrice) (D:2)
  3 orc wizards
  An iguana (D:4)
  3 worker ants
  A worker ant zombie (D:5)
  10 adders
  2 gnolls
  An ooze (D:4)
  2 adder skeletons (D:4)
  5 dart slugs
  5 leopard geckos
  27 orcs
  A ball python (D:4)
  10 bats
  6 giant cockroaches
  6 hobgoblins
  7 jackals
  11 kobolds
  3 quokkas
  4 frilled lizards
  14 goblins
  2 jackal zombies
  A quokka zombie (D:6)
  5 rats
163 creatures vanquished.

Vanquished Creatures (collateral kills)
  3 wights (D:7)
  A gnoll (D:2)
4 creatures vanquished.

Vanquished Creatures (others)
  3 fulminant prisms (D:8)
3 creatures vanquished.

Grand Total: 170 creatures vanquished

Notes
Turn   | Place    | Note
-------+----------+-------------------------------------------
     0 | D:1      | Nattfarinn the Vampire Enchanter began the quest for the Orb.
     0 | D:1      | Reached XP level 1. HP: 13/13 MP: 3/3
   104 | D:1      | Reached XP level 2. HP: 8/19 MP: 0/5
   108 | D:1      | Learned a level 2 spell: Ensorcelled Hibernation
   388 | D:1      | Reached skill level 5 in Stealth
   893 | D:2      | Reached XP level 3. HP: 6/24 MP: 0/6
  1251 | D:2      | Found a faded altar of an unknown god.
  1281 | D:2      | Reached skill level 5 in Hexes
  1332 | D:2      | Reached XP level 4. HP: 22/30 MP: 5/8
  1452 | D:2      | Reached skill level 6 in Stealth
  1476 | D:2      | Found a shimmering altar of Xom.
  1481 | D:2      | Noticed Natasha
  1501 | D:2      | Learned a level 3 spell: Confuse
  1505 | D:2      | Learned a level 3 spell: Tukima's Dance
  1564 | D:2      | Killed Natasha
  1595 | D:2      | Found a basalt altar of Yredelemnul.
  2381 | D:2      | Noticed Natasha
  2385 | D:2      | Killed Natasha
  2385 | D:2      | Reached XP level 5. HP: 35/35 MP: 10/10
  2462 | D:2      | Noticed Natasha
  2490 | D:2      | Killed Natasha
  2566 | D:2      | Reached skill level 7 in Stealth
  3305 | D:3      | Reached XP level 6. HP: 41/41 MP: 10/12
  3960 | D:4      | Noticed Pikel
  3960 | D:4      | Noticed a slave
  3960 | D:4      | Noticed a slave
  3960 | D:4      | Noticed a slave
  3961 | D:4      | Noticed a slave
  3968 | D:3      | Killed a slave
  3977 | D:3      | Killed a slave
  3979 | D:3      | Killed a slave
  4044 | D:3      | HP: 2/41 [slave[Pikel] (7)]
  4045 | D:3      | Killed a slave
  4699 | D:4      | Killed Pikel
  4699 | D:4      | Reached skill level 9 in Stealth
  4699 | D:4      | Reached skill level 5 in Spellcasting
  4699 | D:4      | Reached XP level 7. HP: 43/46 MP: 12/14
  4928 | D:4      | Found Timosyor's Antique Armour Shoppe.
  4962 | D:4      | Noticed Edmund
  4972 | D:4      | Killed Edmund
  4972 | D:4      | Reached skill level 10 in Stealth
  5077 | D:4      | Reached XP level 8. HP: 52/52 MP: 16/16
  5402 | D:5      | Entered Level 5 of the Dungeon
  5660 | D:5      | Reached skill level 11 in Stealth
  5692 | D:5      | Found a shattered altar of Ashenzari.
  5708 | D:5      | Noticed Blork the orc
  5734 | D:5      | Killed Blork the orc
  6307 | D:6      | Found a staircase to the Ecumenical Temple.
  6316 | Temple   | Entered the Ecumenical Temple
  6327 | Temple   | Became a worshipper of Kikubaaqudgha
  6472 | D:6      | Reached skill level 12 in Stealth
  6515 | D:6      | Reached XP level 9. HP: 57/57 MP: 19/19
  6675 | D:6      | Found an opulent altar of Gozag.
  6677 | D:6      | Found Naeluoqu's Weapon Emporium.
  6711 | D:6      | Found a stormy altar of Qazlal.
  7156 | D:7      | Found Nuwaur's Jewellery Shop.
  7210 | D:7      | Found a white marble altar of Elyvilon.
  7747 | D:7      | Learned a level 4 spell: Fulminant Prism
  7862 | D:7      | Found a runed door.
  7993 | D:7      | Noticed Crazy Yiuf
  7997 | D:7      | Killed Crazy Yiuf
  8083 | D:8      | Noticed a two-headed ogre
  8087 | D:8      | Mangled by an orc warrior

Skill      XL: |  1  2  3  4  5  6  7  8  9 |
---------------+----------------------------+-----
Stealth        | 5 6 7 9 10 12 | 12.7
Hexes          | 5 6 7 8 9 |  9.1
Spellcasting   | 3 4 5 7 |  7.6
Short Blades   | |  1.2
Dodging        | |  2.3

Action                   |  1- 3 |  4- 6 |  7- 9 || total
-------------------------+-------+-------+-------++-------
Melee: Dagger            |    95 |   245 |   209 ||   549
       Bite              |     2 |    21 |    11 ||    34
 Cast: Corona            |     3 |       |       ||     3
       Ensorcelled Hiber |     4 |    47 |    29 ||    80
       Confuse           |       |    20 |    11 ||    31
       Tukima's Dance    |       |     1 |     6 ||     7
       Fulminant Prism   |       |       |     3 ||     3
  Use: Potion            |       |     4 |     1 ||     5
       Scroll            |       |       |     2 ||     2
 Stab: Sleeping          |    14 |    34 |    49 ||    97
       Confused          |       |     6 |     4 ||    10
       Distracted        |       |       |     1 ||     1
  Eat: Corpse            |       |     1 |       ||     1
Armor: Robe              |    12 |    42 |     9 ||    63
Dodge: Dodged            |    61 |   197 |   113 ||   371
